 Dungeon Crawl Stone Soup version 0.22.1-2-g9c5b331 (webtiles) character file.

353 nicolaieve the Basher (level 6, -7/76 HPs)
             Began as a Minotaur Berserker on Dec 19, 2018.
             Was a Believer of Trog.
             Mangled by a mummy (13 damage)
             ... in an ossuary.
             The game lasted 00:04:44 (1862 turns).

nicolaieve the Basher (Minotaur Berserker)          Turns: 1862, Time: 00:04:45

Health: -7/76      AC:  4    Str: 26    XL:     6   Next: 35%
Magic:  5/5        EV: 12    Int:  4    God:    Trog [**....]
Gold:   46         SH:  0    Dex: 12    Spells: 5/5 levels left

rFire    . . .     SeeInvis .   a - +0 mace
rCold    . . .     Gourm    .   (no shield)
rNeg     . . .     Faith    .   i - +0 leather armour
rPois    .         Spirit   .   (helmet restricted)
rElec    .         Reflect  .   (no cloak)
rCorr    .         Harm     .   (no gloves)
MR       +....                  h - +0 pair of boots
Stlth    ..........             (no amulet)
HPRegen  0.22/turn              b - ring of protection from magic
MPRegen  0.09/turn              j - ring of attention (curse)

@: berserking, very quick
A: retaliatory headbutt, horns 2
a: Berserk, Trog's Hand, Renounce Religion


You were in an ossuary.
You worshipped Trog.
Trog was pleased with you.
You were very hungry.

You visited 1 branch of the dungeon, and saw 3 of its levels.
You also visited: Ossuary.

You collected 46 gold pieces.

Inventory:

Hand Weapons
 a - a +0 mace (weapon)
Missiles
 e - 98 stones (quivered)
Armour
 h - a +0 pair of boots (worn)
 i - a +0 leather armour (worn)
Jewellery
 b - a ring of protection from magic (left hand)
 f - a +5 ring of dexterity
 j - a cursed ring of attention (right hand)
Scrolls
 g - 4 scrolls of identify {unknown}
 l - a scroll of blinking {unknown}
 m - 2 scrolls of magic mapping {unknown}
 o - a scroll of amnesia {unknown}
Potions
 d - a potion of haste {unknown}
 k - 3 potions of heal wounds {unknown}
Comestibles
 c - 4 rations


   Skills:
 - Level 3.6 Fighting
 + Level 8.7 Maces & Flails
 - Level 2.4 Armour
 - Level 2.1 Dodging


You had 5 spell levels left.
You didn't know any spells.
Your spell library was empty.

Dungeon Overview and Level Annotations

Branches:
Dungeon (4/15)
 Temple: D:4-7

Altars:


Innate Abilities, Weirdness & Mutations

You reflexively headbutt those who attack you in melee.
You have a pair of horns on your head.


Message History

Moving in this stuff is going to be slow.
A mummy comes into view.
A bog mummy comes into view.
You hit the mummy.
The mummy is moderately damaged.
You enter the shallow water.
Moving in this stuff is going to be slow.
The mummy hits you! The mummy hits you!
You hit the mummy.
The mummy is moderately damaged.
The mummy hits you!
* * * LOW HITPOINT WARNING * * *
You hit the mummy.
The mummy is heavily damaged.
A red film seems to cover your vision as you go berserk!
You feel yourself moving faster!
You feel mighty!
You are feeling very hungry.
The mummy hits you!
You die...

##. ### ... ≈≈# ≈≈
##### ##≈..≈ #∩..#
≈≈≈#. #.∩.# # ##≈
.≈. #...#.+
#≈≈≈##≈##+##+##'##.#
#≈P≈≈M@≈≈........+
#≈#≈≈.≈M#.≈.#'#'#'#
#≈#.#.#.#.#.#.# #
##≈##≈≈≈####### #≈#
##≈#≈# ## #≈#≈## ##
##


You could see a mummy and a bog mummy.

Vanquished Creatures
  A centaur zombie (Ossuary)
  2 hounds (D:4)
  7 mummies (Ossuary)
  A worker ant zombie (Ossuary)
  An adder (D:2)
  6 gnolls
  2 dart slugs
  2 leopard geckos
  8 bats
  2 giant cockroaches
  7 goblins
  3 hobgoblins
  2 ball pythons
  2 frilled lizards (D:1)
  2 kobolds (D:1)
  A leopard gecko zombie (Ossuary)
  2 quokka zombies (Ossuary)
  3 rats (D:1)
54 creatures vanquished.

Vanquished Creatures (others)
  2 withered plants (Ossuary)
2 creatures vanquished.

Grand Total: 56 creatures vanquished

Notes
Turn   | Place    | Note
-------+----------+-------------------------------------------
     0 | D:1      | nicolaieve the Minotaur Berserker began the quest for the
                  | Orb.
     0 | D:1      | Reached XP level 1. HP: 19/19 MP: 0/0
   135 | D:1      | Reached skill level 4 in Maces & Flails
   270 | D:1      | Reached XP level 2. HP: 26/26 MP: 1/1
   977 | D:2      | Reached skill level 5 in Maces & Flails
  1049 | D:2      | Reached XP level 3. HP: 20/31 MP: 2/2
  1088 | D:2      | Reached ** piety under Trog
  1249 | D:2      | Reached skill level 6 in Maces & Flails
  1249 | D:2      | Reached XP level 4. HP: 7/39 MP: 3/3
  1490 | D:2      | You fall through a shaft for 2 floors!
  1554 | D:4      | Reached skill level 7 in Maces & Flails
  1554 | D:4      | Reached XP level 5. HP: 23/45 MP: 4/4
  1696 | D:4      | Found a sand-covered staircase.
  1705 | Ossuary  | Entered an ossuary
  1736 | Ossuary  | Reached skill level 8 in Maces & Flails
  1755 | Ossuary  | Reached XP level 6. HP: 36/51 MP: 5/5
  1862 | Ossuary  | Mangled by a mummy

Skill      XL: |  1  2  3  4  5 |
---------------+----------------+-----
Maces & Flails | 4 5 6 7 8 |  8.7
Fighting       | |  3.6
Armour         | |  2.4
Dodging        | |  2.1

Action                   |  1- 3 |  4- 6 || total
-------------------------+-------+-------++-------
Melee: Mace              |    72 |    77 ||   149
       Headbutt          |     8 |    19 ||    27
Invok: Berserk           |     1 |     1 ||     2
       Trog's Hand       |       |     1 ||     1
  Eat: Chunk             |     1 |     3 ||     4
Armor: Leather armour    |    19 |     9 ||    28
       Animal skin       |     1 |       ||     1
Dodge: Dodged            |    51 |    51 ||   102
